 Dungeon Crawl Stone Soup version 0.20.1-1-g8b1a95d66d (console) character file.

1956 feeb the Cleaver (level 8, -9/75 HPs)
             Began as a Minotaur Fighter on Nov 15, 2017.
             Was a Follower of Okawaru.
             Mangled by an ogre
             ... wielding a +0 giant spiked club
              (33 damage)
             ... on level 6 of the Dungeon on Nov 17, 2017.
             The game lasted 00:41:05 (6863 turns).

feeb the Cleaver (Minotaur Fighter)                 Turns: 6863, Time: 00:41:06

Health: -9/75      AC:  7    Str: 22    XL:     8   Next: 99%
Magic:  7/7        EV:  7    Int:  5    God:    Okawaru [*.....]
Gold:   303        SH:  9    Dex: 11    Spells: 7/7 levels left

rFire    + . .     SeeInvis .   w - +2 war axe (elec)
rCold    + . .     Gourm    .   c - +0 shield
rNeg     . . .     Faith    .   b - +0 scale mail
rPois    +         Spirit   .   (helmet restricted)
rElec    .         Reflect  .   p - +1 cloak
rCorr    .         Harm     .   (no gloves)
MR       .....                  (no boots)
Stlth    ..........             j - amulet of regeneration
Regen    0.7/turn               k - ring of protection from cold
MPRegen  0.1/turn               l - ring of protection from fire

@: no status effects
A: retaliatory headbutt, horns 2, deformed body, poison resistance, wild magic 1
a: Heroism, Renounce Religion


You were on level 6 of the Dungeon.
You worshipped Okawaru.
Okawaru was aware of your devotion.
You were not hungry.

You visited 2 branches of the dungeon, and saw 7 of its levels.

You collected 303 gold pieces.

Inventory:

Hand Weapons
 a - a +1 war axe
 w - a +2 war axe of electrocution (weapon)
 A - the +4 Vampire's Tooth {vamp}
   (You found it on level 6 of the Dungeon)

   It inflicts no extra harm, but heals its wielder when it wounds a living foe.
Missiles
 n - 2 needles of confusion
Armour
 b - a +0 scale mail (worn)
 c - a +0 shield (worn)
 p - a +1 cloak (worn)
Jewellery
 e - the ring "Lodeuczu" {+Inv rC+ rN+ Slay-4 SInv}
   (You found it on level 4 of the Dungeon)

   [ring of positive energy]

   It affects your accuracy and damage with ranged weapons and melee attacks
   (-4).
   It protects you from cold.
   It protects you from negative energy.
   It lets you see invisible.
   It lets you turn invisible.
 g - an uncursed ring of wizardry
 j - an amulet of regeneration (around neck)
 k - a ring of protection from cold (left hand)
 l - a ring of protection from fire (right hand)
Wands
 v - a wand of paralysis (13/24)
 z - a wand of disintegration (13/24)
Scrolls
 o - a scroll of fog
 q - a scroll of teleportation
 t - a scroll of remove curse
 u - 3 scrolls of identify
 y - a scroll of recharging
Potions
 m - 2 potions of curing
 r - a potion of invisibility
 x - a potion of might
Comestibles
 d - 2 chunks of flesh
 f - 3 bread rations
 h - 6 royal jellies
 i - 7 fruits
 s - 2 meat rations


   Skills:
 * Level 8.6 Fighting
 + Level 9.4 Axes
 + Level 8.0 Armour
 - Level 3.7 Shields


You had 7 spell levels left.
You didn't know any spells.

Dungeon Overview and Level Annotations

Branches:
Dungeon (6/15)             Temple (1/1) D:5

Altars:
Cheibriados
Dithmenos
Elyvilon
Fedhas
Gozag
Kikubaaqudgha
Makhleb
Okawaru
Qazlal
Ru
Sif Muna
Trog
Uskayaw
Vehumet
Yredelemnul

Shops:
D:4 (   D:6 [


Innate Abilities, Weirdness & Mutations

You reflexively headbutt those who attack you in melee.
You have a pair of horns on your head.
Armour fits poorly on your strangely shaped body.
Your system is resistant to poisons. (rPois)
Your spells are a little harder to cast, but a little more powerful.


Message History

You slash the crimson imp!
You kill the crimson imp!
Okawaru accepts your kill.
Your Armour skill increases to level 8!
Some of the chunks of flesh in your inventory have rotted away.
An ogre comes into view. It is wielding a giant spiked club.
The ogre shouts!
You block the ogre's attack.
You hit the ogre. You headbutt the ogre.
The ogre is moderately wounded.
The ogre hits you with a giant spiked club!!
You hit the ogre.
The ogre is heavily wounded.
You slash the ogre!
The ogre is severely wounded.
The ogre hits you with a giant spiked club!!
You hit the ogre.
The ogre is almost dead.
The ogre hits you with a giant spiked club!!
You die...

### #.# #.#########
##### #..........
.....
.######..########
##########
#..............#
.........#
#.####.######.#
########.# #.# #.#
### #.### ...# #.#
#.# #.# ...###...
##.# #.# #.# #.#
.##.#.##. ##.# #.#
#O# #.##.###.###.
##.# #.# #@#
#...#......## ##.#
##.# #.# ####.#####.#
...# ##..#######.#
#.# #.# ...#
#...........# #.#
##.##
#.####..##########
#.####...# .........#
#......... #.####...#
######...# #.####...#
##.## .........#
##### #.#
..###....########...#
#.#
......#..#..........#
#.#


You could see an ogre.

Vanquished Creatures
  Sigmund (D:3)
  A water moccasin (D:5)
  Duvessa (D:4)
  A sky beast (D:5)
  A phantom (D:5)
  2 ogres
  A centaur (D:5)
  2 bullfrogs (D:6)
  Dowan (D:4)
  2 vampire bats (D:6)
  A crimson imp (D:6)
  A bullfrog zombie (D:5)
  6 hounds
  An orc priest (D:3)
  4 orc wizards
  Crazy Yiuf (D:3)
  A bullfrog skeleton (D:5)
  A centaur skeleton (D:4)
  An iguana (D:4)
  5 worker ants
  2 hound zombies
  A hound skeleton (D:6)
  4 gnolls (D:2)
  2 river rats (D:5)
  6 adders
  2 shadow imps (D:5)
  2 oozes
  3 worms
  3 dart slugs
  3 leopard geckos
  12 orcs
  A ball python (D:5)
  6 giant cockroaches
  7 goblins
  8 hobgoblins
  13 jackals
  A quokka (D:3)
  18 bats
  9 frilled lizards
  A jackal skeleton (D:4)
  5 kobolds
  11 rats
155 creatures vanquished.

Notes
Turn   | Place    | Note
-------+----------+-------------------------------------------
     0 | D:1      | feeb the Minotaur Fighter began the quest for the Orb.
     0 | D:1      | Reached XP level 1. HP: 19/19 MP: 0/0
   305 | D:1      | Reached XP level 2. HP: 22/27 MP: 1/1
   627 | D:1      | Reached XP level 3. HP: 33/33 MP: 2/2
  1295 | D:2      | Reached skill level 3 in Axes
  1495 | D:2      | Reached XP level 4. HP: 20/41 MP: 3/3
  1508 | D:2      | Gained mutation: Your spells are a little harder to cast, but a little more powerful. [potion of mutation]
  1508 | D:2      | Gained mutation: Armour fits poorly on your strangely shaped body. [potion of mutation]
  1508 | D:2      | Gained mutation: Your system is resistant to poisons. (rPois) [potion of mutation]
  1789 | D:2      | Reached skill level 4 in Axes
  2427 | D:3      | Reached XP level 5. HP: 38/47 MP: 4/4
  2720 | D:3      | Found a burning altar of Makhleb.
  2731 | D:3      | Reached skill level 5 in Armour
  3024 | D:3      | Noticed Sigmund
  3034 | D:3      | Killed Sigmund
  3034 | D:3      | Reached skill level 5 in Fighting
  3034 | D:3      | Reached skill level 5 in Axes
  3034 | D:3      | Reached XP level 6. HP: 17/56 MP: 5/5
  3576 | D:3      | Found a runed door.
  3691 | D:3      | Noticed Crazy Yiuf
  3700 | D:3      | Killed Crazy Yiuf
  3808 | D:4      | Noticed Duvessa
  3808 | D:4      | Noticed Dowan
  4064 | D:4      | Found Buxo's Weapon Shop.
  4081 | D:3      | Reached skill level 6 in Axes
  4381 | D:4      | Reached XP level 7. HP: 51/62 MP: 6/6
  4552 | D:4      | Killed Duvessa
  4555 | D:4      | Killed Dowan
  4638 | D:4      | Found an opulent altar of Gozag.
  4711 | D:3      | Reached skill level 7 in Axes
  4882 | D:4      | Found a basalt altar of Yredelemnul.
  5058 | D:4      | Got a crude silver ring
  5167 | D:5      | Entered Level 5 of the Dungeon
  5240 | D:5      | Reached XP level 8. HP: 6/73 MP: 7/7
  5454 | D:5      | Reached skill level 8 in Axes
  5600 | D:5      | Identified the ring "Lodeuczu" {+Inv rC+ rN+ Slay-4 SInv} (You found it on level 4 of the Dungeon)
  5652 | D:5      | Found a stormy altar of Qazlal.
  5899 | D:5      | Found a staircase to the Ecumenical Temple.
  5905 | Temple   | Entered the Ecumenical Temple
  5975 | Temple   | Became a worshipper of Warmaster Okawaru
  6525 | D:6      | Reached skill level 9 in Axes
  6718 | D:6      | Found Hicyrph's Antique Armour Shoppe.
  6788 | D:6      | Reached * piety under Okawaru
  6863 | D:6      | Mangled by an ogre

Skill      XL: |  1  2  3  4  5  6  7  8 |
---------------+-------------------------+-----
Fighting       | 4 5 7 8 |  8.6
Armour         | 4 5 7 8 |  8.0
Axes           | 3 4 5 6 7 9 |  9.4
Shields        | |  3.7

Action                   |  1- 3 |  4- 6 |  7- 9 || total
-------------------------+-------+-------+-------++-------
Melee: War axe           |   103 |   110 |   249 ||   462
       Headbutt          |    12 |    15 |    38 ||    65
  Use: Scroll            |     7 |     7 |     4 ||    18
       Potion            |     1 |     4 |     6 ||    11
  Eat: Chunk             |     2 |     9 |     8 ||    19
Armor: Scale mail        |    57 |    32 |    86 ||   175
Dodge: Dodged            |    37 |    28 |    63 ||   128
Block: Shield            |    55 |    68 |   116 ||   239
